AoeStats
← R3aLPopado

Black Forest

507519865Analyzed
4v4 RM · 15d ago on Sep 18, 2026· 62m 42s· 8 players
Game mode
Random Map
Map size
Large (8 player)
Population
200
Speed
Normal
Resources
Standard
Victory
Conquest
Starting age
Dark Age
Ending age
Imperial Age
RankedLock teamsTeams togetherTeam positionsShared explorationLock speedFull tech treeHidden civsTurbo modeCheats
Victory
Defeat
🇨🇴 Saracens · Colombia
949
+13
🇲🇽 Franks · Mexico
936
+13
🇺🇸 Bohemians · United States
833
+18
🇨🇱 Turks · Chile
832
+18
🇨🇳 Burgundians · China
883
-16
🇮🇳 Maya · India
878
-16
🇹🇷 Bohemians · Türkiye
875
-15
🇬🇧 Britons · United Kingdom
867
-15
Nano
7:30 Loom
10:37 Feudal Age
12:04 Wheelbarrow
11:21 Double-Bit Axe
20:15 Castle Age
18:06 Horse Collar
19:49 Gold Mining
19:49 Stone Mining
22:30 Bow Saw
24:22 Hand Cart
26:54 Crossbowman
28:41 Heavy Plow
34:34 Imperial Age
33:16 Fletching
34:25 Bodkin Arrow
34:30 Padded Archer Armor
37:40 Bracer
37:55 Leather Archer Armor
38:28 Arbalester
40:51 Two-Man Saw
41:56 Chemistry
41:16 Ballistics
42:21 Ring Archer Armor
45:03 Elite Skirmisher
48:05 Forging
48:47 Pikeman
54:02 Halberdier
54:55 Scale Mail Armor
55:30 Iron Casting
55:44 Squires
60:54 Gambesons
FthFth
0:26 Loom
15:11 Feudal Age
19:13 Castle Age
17:57 Double-Bit Axe
17:58 Horse Collar
21:25 Bow Saw
22:19 Fletching
25:22 Heavy Plow
29:25 Chemistry
28:46 Ballistics
28:37 Fortified Wall
28:24 Murder Holes
29:09 Scale Mail Armor
29:34 Padded Archer Armor
29:29 Pikeman
30:10 Squires
31:26 Forging
31:12 Bodkin Arrow
32:30 Wagenburg Tactics
34:47 Wheelbarrow
33:57 Town Watch
38:51 Imperial Age
37:44 Hand Cart
37:49 Leather Archer Armor
38:17 Masonry
38:38 Arson
44:14 Elite Hussite Wagon
45:17 Conscription
46:19 Elite Skirmisher
46:51 Halberdier
48:15 Halberdier
49:44 Halberdier
LV小吕
6:21 Wheelbarrow
9:28 Double-Bit Axe
15:08 Feudal Age
14:25 Gold Mining
14:39 Stone Mining
14:38 Horse Collar
16:30 Heavy Plow
19:04 Hand Cart
19:21 Bow Saw
20:22 Gold Shaft Mining
20:24 Stone Shaft Mining
24:02 Castle Age
27:31 Two-Man Saw
27:49 Crop Rotation
31:09 Imperial Age
29:55 Burgundian Vineyards
30:36 Forging
30:31 Scale Barding Armor
30:27 Treadmill Crane
32:06 Caravan
32:45 Iron Casting
32:30 Chain Barding Armor
32:17 Husbandry
34:29 Blast Furnace
33:50 Chain Barding Armor
35:30 Conscription
34:42 Elite Coustillier
36:47 Chemistry
38:33 Fletching
38:43 Padded Archer Armor
39:24 Plate Barding Armor
41:11 Elite Skirmisher
42:04 Bodkin Arrow
42:24 Leather Archer Armor
46:04 Bracer
46:30 Ballistics
55:41 Pikeman
56:11 Arson
56:34 Squires
56:32 Halberdier
royethatboy
0:59 Loom
15:20 Feudal Age
16:38 Horse Collar
16:47 Double-Bit Axe
20:17 Gold Mining
21:31 Fletching
21:43 Padded Archer Armor
22:12 Stone Mining
25:03 Town Watch
28:53 Castle Age
29:41 Thumb Ring
29:36 Bodkin Arrow
30:12 Caravan
31:11 Stone Shaft Mining
30:35 Crossbowman
33:05 Wheelbarrow
35:39 Leather Archer Armor
38:04 Ballistics
41:00 Imperial Age
38:27 Elite Skirmisher
39:13 Treadmill Crane
43:27 Imperial Age
46:27 Imperial Age
R3aLPopado
12:04 Feudal Age
18:26 Double-Bit Axe
22:10 Castle Age
27:05 Horse Collar
35:10 Wheelbarrow
36:02 Wagenburg Tactics
36:21 Hand Cart
37:24 Fortified Wall
38:18 Chemistry
37:39 Ballistics
41:19 Imperial Age
39:50 Town Watch
41:04 Forging
40:55 Scale Mail Armor
41:35 Town Patrol
41:27 Houfnice
44:31 Hussite Reforms
48:24 Arson
49:18 Iron Casting
48:59 Chain Mail Armor
50:59 Pikeman
51:40 Squires
52:47 Blast Furnace
52:18 Plate Mail Armor
52:02 Fervor
52:03 Redemption
51:54 Atonement
52:20 Illumination
52:31 Theocracy
52:17 Heresy
51:58 Devotion
51:54 Herbal Medicine
52:20 Sanctity
55:51 Caravan
56:11 Bow Saw
62:33 Heavy Plow
DeathPanther
0:53 Loom
12:13 Feudal Age
18:38 Castle Age
17:23 Double-Bit Axe
17:39 Gold Mining
20:44 Wheelbarrow
21:05 Bow Saw
24:35 Husbandry
25:03 Hand Cart
26:39 Stone Mining
29:40 Fervor
29:56 Caravan
30:58 Gold Shaft Mining
30:13 Town Watch
35:34 Imperial Age
37:03 Chivalry
37:23 Conscription
37:39 Hoardings
36:27 Cavalier
37:46 Paladin
39:59 Forging
39:54 Scale Barding Armor
40:54 Chemistry
40:15 Ballistics
42:57 Iron Casting
42:42 Chain Barding Armor
42:57 Iron Casting
42:43 Chain Barding Armor
49:12 Blast Furnace
48:47 Plate Barding Armor
48:13 Scale Mail Armor
48:16 Murder Holes
48:33 Masonry
Mapuche Mayer
11:28 Feudal Age
12:12 Fishing Lines
12:24 Double-Bit Axe
22:01 Castle Age
22:17 Wheelbarrow
21:27 Loom
21:38 Gold Mining
21:38 Stone Mining
21:31 Horse Collar
23:46 Bow Saw
24:42 Heavy Plow
25:46 Hand Cart
25:17 Loom
25:34 Gillnets
27:55 Gold Shaft Mining
31:10 Imperial Age
30:20 Town Watch
31:00 Sipahi
31:40 Thumb Ring
31:31 Fletching
31:41 Padded Archer Armor
31:54 Bloodlines
31:45 Husbandry
32:24 Conscription
31:31 Heavy Cavalry Archer
33:10 Parthian Tactics
32:44 Bodkin Arrow
33:34 Leather Archer Armor
33:45 Ballistics
34:23 Bracer
34:53 Ring Archer Armor
34:45 Caravan
35:16 Coinage
35:52 Bombard Tower
36:09 Artillery
38:12 Treadmill Crane
38:43 Masonry
38:29 Murder Holes
41:45 Architecture
42:45 Two-Man Saw
DSLG | Jorg3.M
3:26 Loom
12:15 Feudal Age
13:16 Double-Bit Axe
16:54 Wheelbarrow
16:40 Fishing Lines
21:35 Castle Age
19:34 Horse Collar
19:49 Gold Mining
21:11 Stone Mining
24:31 Hand Cart
24:01 Town Watch
27:43 Imperial Age
25:00 Town Watch
25:30 Hand Cart
26:30 Bow Saw
26:22 Heavy Plow
27:07 Forging
27:02 Scale Barding Armor
27:26 Caravan
28:17 Gold Shaft Mining
30:55 Two-Man Saw
31:19 Conscription
31:03 Gillnets
31:52 Sanctity
31:49 Scale Mail Armor
32:24 Iron Casting
32:13 Chain Barding Armor
33:15 Bimaristan
32:38 Elite Mameluke
36:03 Plate Barding Armor
36:29 Blast Furnace
35:54 Counterweights
37:29 Husbandry
37:39 Bloodlines
40:21 Chemistry
39:18 Murder Holes
39:30 Siege Engineers
51:04 Light Cavalry
56:53 Ballistics
57:51 Town Patrol
61:51 Spies/Treason
Connection lost

Rejoining the realm…

Still unreachable

The connection could not be restored.

Session expired

The server has moved on; the page needs a fresh start.